 Dungeon Crawl Stone Soup version 0.21-a0-513-gdcb3f5e (webtiles) character file.

116 Gerstahl the Poker (level 4, -4/37 HPs)
             Began as a Demonspawn Gladiator on Dec 2, 2017.
             Slain by a kobold (5 damage)
             ... on level 3 of the Dungeon.
             The game lasted 00:01:56 (2065 turns).

Gerstahl the Poker (Demonspawn Gladiator)           Turns: 2065, Time: 00:01:57

Health: -4/37      AC:  4    Str: 15    XL:     4   Next: 70%
Magic:  4/4        EV: 14    Int:  9    God:
Gold:   180        SH:  0    Dex: 15    Spells: 3/3 levels left

rFire    . . .     SeeInvis .   a - +0 trident
rCold    . . .     Gourm    .   (no shield)
rNeg     . . .     Faith    .   b - +0 leather armour
rPois    .         Spirit   .   c - +0 helmet
rElec    .         Reflect  .   (no cloak)
rCorr    .         Harm     .   (no gloves)
MR       .....                  (no boots)
Stlth    +.........             (no amulet)
HPRegen  0.12/turn              (no ring)
MPRegen  0.09/turn              (no ring)

@: no status effects
A: repulsion field 1, powered by death 1
a: no special abilities


You were on level 3 of the Dungeon.
You were hungry.

You visited 1 branch of the dungeon, and saw 3 of its levels.

You collected 180 gold pieces.

Inventory:

Hand Weapons
 a - a +0 trident (weapon)
Armour
 b - a +0 leather armour (worn)
 c - a +0 helmet (worn)
Jewellery
 h - a +3 ring of strength {unknown}
Wands
 d - a wand of random effects (29)
Scrolls
 g - a scroll of identify {unknown}
 k - a scroll of immolation {unknown}
 l - a scroll of fear {unknown}
 m - a scroll of teleportation {unknown}
 p - a scroll of remove curse {unknown}
 r - a scroll of noise {unknown}
 t - a scroll of blinking {unknown}
 u - a scroll of amnesia {unknown}
Potions
 e - a potion of lignification {unknown}
 n - a potion of cancellation {unknown}
 q - a potion of curing
 s - a potion of haste {unknown}
Comestibles
 f - 2 bread rations
 i - 3 fruits
 j - a royal jelly
 o - 2 meat rations


   Skills:
 + Level 3.7 Fighting
 + Level 4.0 Polearms
 - Level 1.7 Throwing
 - Level 2.6 Dodging


You had 3 spell levels left.
You didn't know any spells.

Dungeon Overview and Level Annotations

Branches:
Dungeon (3/15)

Altars:
Fedhas
Nemelex Xobeh


Innate Abilities, Weirdness & Mutations

You are surrounded by a mild repulsion field. (EV +2)
You regenerate a little health from kills.


Message History

The kobold drinks a potion.
The kobold goes berserk!
The gnoll hits you but does no damage.
You barely miss the gnoll.
The gnoll is almost dead.
The gnoll hits you!
* * * LOW HITPOINT WARNING * * *
You hear a shout!
You barely miss the gnoll.
The gnoll is almost dead.
The gnoll barely misses you.
You hit the gnoll.
You kill the gnoll!
Your Polearms skill increases to level 4!
You hit the dart slug.
You kill the dart slug!
The kobold rages.
You barely miss the kobold. The kobold hits you.
* * * LOW HITPOINT WARNING * * *
You barely miss the kobold. The kobold hits you.
You die...

#o# #.....#..........######.#
.##.# #.....#..........# #.#
....#####.....#..........# #..
##.......#...##..........# #.#
##....o.#....#.......#### #.#
#.......#<...######### #.#
#.......#....# #.#
#.....###....#################.#
..............)K@....).......##.#
##.....#...############...##..#.#
#.....#...# #...###.#.#
#.....#... ####...###...#
#......... ######........##..#
... #.............##..#
#.............##..#
#.............##..#
#.............###..


You could see a kobold (berserk).

Vanquished Creatures
  Ijyb (D:3)
  2 gnolls (D:3)
  An adder (D:2)
  A worm (D:3)
  A dart slug (D:3)
  2 leopard geckos
  2 orcs (D:3)
  3 bats
  3 giant cockroaches
  8 hobgoblins
  A quokka (D:2)
  A ball python (D:1)
  2 frilled lizards (D:1)
  13 goblins
  3 kobolds
  7 rats
51 creatures vanquished.

Notes
Turn   | Place    | Note
-------+----------+-------------------------------------------
     0 | D:1      | Gerstahl the Demonspawn Gladiator began the quest for the Orb.
     0 | D:1      | Reached XP level 1. HP: 16/16 MP: 1/1
   167 | D:1      | Reached skill level 3 in Polearms
   171 | D:1      | Gained mutation: You regenerate a little health from kills. [demonic ancestry]
   171 | D:1      | Reached XP level 2. HP: 23/23 MP: 2/2
   682 | D:2      | Found a sparkling altar of Nemelex Xobeh.
   682 | D:2      | Found a blossoming altar of Fedhas.
   719 | D:2      | Gained mutation: You are surrounded by a mild repulsion field. (EV +2) [demonic ancestry]
   719 | D:2      | Reached XP level 3. HP: 11/28 MP: 3/3
  1867 | D:3      | Noticed Ijyb
  1933 | D:3      | Killed Ijyb
  1933 | D:3      | Reached XP level 4. HP: 5/35 MP: 4/4
  2062 | D:3      | Reached skill level 4 in Polearms
  2064 | D:3      | HP: 1/37 [kobold (4)]
  2065 | D:3      | Slain by a kobold

Vault maps used:
D:1:      dpeg_arrival_prison, serial_glass, glass_columns_b, glass_columns_b,
          glass_columns_b
D:2:      chequers_temple_overflow_statue_of_worship, minmay_goblin_kobold_house
D:3:      hangedman_decor_clover_reticule, uniq_ijyb, uniq_terence

Skill      XL: |  1  2  3  4 |
---------------+-------------+-----
Polearms       | 3 4 |  4.0
Fighting       | 3 |  3.7
Throwing       | |  1.7
Dodging        | |  2.6

Action                   |  1- 3 |  4- 6 || total
-------------------------+-------+-------++-------
Melee: Trident           |   186 |    31 ||   217
Throw: Throwing net      |     3 |       ||     3
  Use: Potion            |       |     1 ||     1
 Stab: Held in net/web   |     1 |       ||     1
       Sleeping          |     1 |       ||     1
  Eat: Chunk             |     3 |       ||     3
Armor: Leather armour    |    39 |     7 ||    46
Dodge: Dodged            |   111 |    13 ||   124

Table legend:
 A = Spawn XP
 B = Non-spawn XP
 C = Spawn XP percentage of total XP
 D = Spawn monster count
 E = Non-spawn monster count
 F = Spawn count percentage of total count
 G = Total turns spent on level
                    A         B        C        D         E        F      G
               +---------+---------+-------+---------+---------+-------+---------
         Total |       0 |     167 |   0.0 |       0 |      51 |   0.0 |  2065
               +---------+---------+-------+---------+---------+-------+---------
           D:1 |       0 |      27 |   0.0 |       0 |      17 |   0.0 |   663
           D:2 |       0 |      47 |   0.0 |       0 |      20 |   0.0 |  1090
           D:3 |       0 |      93 |   0.0 |       0 |      14 |   0.0 |   312
               +---------+---------+-------+---------+---------+-------+---------
